 Dungeon Crawl Stone Soup version 0.27.1-1-g398f81649c (webtiles) character file.

Game seed: 8177295644298698638

2033 MisterFreud the Shield-Bearer (level 9, -1/74 HPs)
             Began as a Gnoll Fighter on Sept 8, 2021.
             Was a Priest of Okawaru.
             Engulfed by a steam dragon's steam (9 damage)
             ... on level 6 of the Dungeon.
             The game lasted 00:07:45 (6361 turns).

MisterFreud the Shield-Bearer (Gnoll Fighter)       Turns: 6361, Time: 00:07:45

Health: -1/74      AC: 13    Str: 16    XL:     9   Next: 24%
Magic:  0/15       EV: 12    Int: 10    God:    Okawaru [***...]
Gold:   234        SH:  0    Dex: 12    Spells: 16/16 levels left

rFire    . . .     SeeInvis .   a - +0 rapier
rCold    . . .     Faith    .   c - +0 kite shield
rNeg     . . .     Spirit   +   b - +0 scale mail
rPois    .         Reflect  .   (no helmet)
rElec    .         Harm     .   (no cloak)
rCorr    .         Rampage  .   (no gloves)
Will     .....                  (no boots)
Stlth    ..........             i - amulet of guardian spirit
HPRegen  0.22/turn              t - +4 ring of protection
MPRegen  0.14/turn              (no ring)

@: confused, heroic, ambrosia-drunk
A: fangs 1, strong nose, distributed training
a: Renounce Religion, Heroism


You were on level 6 of the Dungeon.
You worshipped Okawaru.
Okawaru was most pleased with you.
You visited 1 branch of the dungeon, and saw 6 of its levels.

You collected 234 gold pieces.

Inventory:

Hand Weapons
 a - a +0 rapier (weapon)
Missiles
 o - 40 poisoned darts (quivered)
 q - 6 boomerangs
Armour
 b - a +0 scale mail (worn)
 c - a +0 kite shield (worn)
 w - a +2 robe of willpower
Jewellery
 i - an amulet of guardian spirit (around neck)
 t - a +4 ring of protection (left hand)
Scrolls
 e - a scroll of acquirement {unknown}
 g - a scroll of enchant weapon {unknown}
 h - a scroll of identify
 j - a scroll of amnesia {unknown}
 k - 2 scrolls of fear
 m - 2 scrolls of vulnerability {unknown}
 r - a scroll of noise {unknown}
 y - a scroll of enchant armour {unknown}
 B - a scroll of teleportation {unknown}
 C - a scroll of blinking {unknown}
 D - a scroll of silence {unknown}
Potions
 d - a potion of might
 f - a potion of ambrosia
 l - a potion of degeneration
 n - a potion of lignification
 p - a potion of haste
 s - a potion of brilliance
 u - 2 potions of heal wounds {unknown}
 v - 2 potions of curing
 x - a potion of attraction {unknown}
 z - a potion of invisibility
 A - a potion of magic


   Skills:
 + Level 7.8(12.8) Fighting
 + Level 6.2(11.2) Short Blades
 + Level 4.0(9.0) Long Blades
 + Level 4.0(9.0) Axes
 + Level 4.0(9.0) Maces & Flails
 + Level 4.0(9.0) Polearms
 + Level 4.0(9.0) Staves
 + Level 4.0(9.0) Slings
 + Level 4.0(9.0) Bows
 + Level 4.0(9.0) Crossbows
 + Level 4.0(9.0) Throwing
 + Level 7.8(12.8) Armour
 + Level 4.0(9.0) Dodging
 + Level 4.0(9.0) Stealth
 + Level 7.8(12.8) Shields
 + Level 4.0(9.0) Unarmed Combat
 + Level 4.0 Spellcasting
 + Level 3.3 Conjurations
 + Level 3.3 Hexes
 + Level 3.3 Summonings
 + Level 3.3 Necromancy
 + Level 3.3 Translocations
 + Level 3.3 Transmutations
 + Level 3.3 Fire Magic
 + Level 3.3 Ice Magic
 + Level 3.3 Air Magic
 + Level 3.3 Earth Magic
 + Level 3.3 Poison Magic
 + Level 4.4 Invocations
 + Level 4.0 Evocations


You had 16 spell levels left.
You didn't know any spells.
Your spell library contained the following spells:

 Spells                   Type           Power      Damage    Failure   Level
 Summon Small Mammal      Summ           32%        N/A       22%         1
 Blink                    Tloc           N/A        N/A       32%         2
 Passwall                 Tmut/Erth      6%         N/A       32%         2
 Slow                     Hex            8%         N/A       32%         2
 Call Canine Familiar     Summ           8%         N/A       54%         3
 Confusing Touch          Hex            8%         N/A       54%         3
 Lesser Beckoning         Tloc           4%         N/A       54%         3
 Summon Guardian Golem    Hex/Summ       8%         N/A       54%         3
 Swiftness                Air            8%         N/A       54%         3
 Vampiric Draining        Necr           4%         2d6       54%         3
 Manifold Assault         Tloc           8%         N/A       99%         5
 Invisibility             Hex            4%         N/A       100%        6


Dungeon Overview and Level Annotations

Branches:
Dungeon (6/15)
 Temple: D:4-7

Altars:
Nemelex Xobeh
Okawaru

Shops:
D:3 [*:

Annotations:
D:4 1 runed translucent door


Innate Abilities, Weirdness & Mutations

You have very sharp teeth.
Your uncanny sense of smell can sniff out nearby items.
Your experience applies equally to all skills.


Message History

The steam dragon breathes steam at you. The ball of steam hits you!
The steam dragon bites you but does no damage.
The steam dragon claws you but does no damage.
You hit the steam dragon but do no damage.
The steam dragon is heavily wounded.
You are engulfed in a cloud of scalding steam.
You block the steam dragon's attack. x2
The scorpion barely misses you. The orc hits you with a +0 hand axe.
The scorpion stings you but does no damage.
The steam dragon barely misses you. You block the steam dragon's attack.
You gain the combat prowess of a mighty hero.
The orc hits you with a +0 hand axe.
* * * LOW HITPOINT WARNING * * *
The scorpion misses you. The steam dragon closely misses you.
The steam dragon completely misses you.
You closely miss the steam dragon.
The steam dragon is heavily wounded.
You block the orc's attack. The scorpion stings you.
* * * LOW HITPOINT WARNING * * *
You hit the steam dragon.
The steam dragon is severely wounded.
The steam dragon breathes steam at you. The ball of steam hits you.
* * * LOW HITPOINT WARNING * * *
The scorpion stings you but does no damage.
You block the steam dragon's attack. The steam dragon barely misses you.
You block the scorpion's attack.
You hit the steam dragon.
The steam dragon is severely wounded.
The steam dragon breathes steam at you. The ball of steam hits you!
* * * LOW HITPOINT WARNING * * *
You block the scorpion's attack.
Unknown command.
It was a potion of ambrosia.
You are confused.
You feel invigorated.
You are engulfed in a cloud of scalding steam.
You die...

### ## #.# ...
##.### .... #....#
.....
###.##.#####......
##......##........?
#.......osD###.....
#.....§§#§@# ...
####.......##§# s
#..........##§#
#..##......##..
##.##......####.
#.###.##### ..
#.###.# .. #..##.#
#.# ##.##.# ##


You could see a steam dragon (catching breath), a scorpion and an orc.

Vanquished Creatures
  Pikel (D:6)
  An ice beast (D:6)
  2 ogres (D:5)
  The ghost of Nanban the Cudgeller, an amateur DsMo (D:4)
  2 centaurs (D:6)
  Blork the orc (D:4)
  A bullfrog (D:4)
  A scorpion (D:5)
  A water moccasin skeleton (D:6)
  2 howler monkeys
  A centaur zombie (D:6)
  2 orc priests
  A bullfrog skeleton (D:4)
  4 hounds
  A gnoll shaman (D:4)
  2 orc wizards (D:5)
  A centaur skeleton (D:6)
  3 iguanas
  2 hound skeletons (D:4)
  7 gnolls
  2 howler monkey skeletons (D:4)
  11 adders
  A river rat (D:4)
  A shadow imp (D:6)
  An adder zombie (D:5)
  2 adder skeletons (D:4)
  A worm (D:4)
  A dart slug (D:1)
  17 orcs
  6 ball pythons
  8 endoplasms
  9 giant cockroaches
  6 goblins
  10 hobgoblins
  5 jackals
  4 quokkas
  7 bats
  10 frilled lizards
  8 kobolds
  6 rats
153 creatures vanquished.

Vanquished Creatures (others)
  6 plants (D:4)
6 creatures vanquished.

Grand Total: 159 creatures vanquished

Notes
Turn   | Place    | Note
-------+----------+-------------------------------------------
     0 | D:1      | MisterFreud the Gnoll Fighter began the quest for the Orb.
     0 | D:1      | Reached XP level 1. HP: 23/23 MP: 1/1
    69 | D:1      | Reached XP level 2. HP: 28/29 MP: 2/2
   234 | D:1      | Reached XP level 3. HP: 35/35 MP: 3/3
   419 | D:1      | Reached skill level 1 in Invocations
   828 | D:2      | Reached skill level 1 in Long Blades
   828 | D:2      | Reached skill level 1 in Axes
   828 | D:2      | Reached skill level 1 in Maces & Flails
   828 | D:2      | Reached skill level 1 in Polearms
   828 | D:2      | Reached skill level 1 in Staves
   828 | D:2      | Reached skill level 1 in Slings
   828 | D:2      | Reached skill level 1 in Bows
   828 | D:2      | Reached skill level 1 in Crossbows
   828 | D:2      | Reached skill level 1 in Throwing
   828 | D:2      | Reached skill level 1 in Dodging
   828 | D:2      | Reached skill level 1 in Stealth
   828 | D:2      | Reached skill level 1 in Unarmed Combat
   828 | D:2      | Reached skill level 1 in Spellcasting
   828 | D:2      | Reached skill level 1 in Evocations
  1015 | D:2      | Reached XP level 4. HP: 37/41 MP: 5/5
  1053 | D:2      | Found a faded altar of an unknown god.
  1065 | D:2      | Became a worshipper of Warmaster Okawaru
  1065 | D:2      | Reached * piety under Okawaru
  1608 | D:3      | Found Pypimm's Book Emporium.
  1653 | D:3      | Found Fiquthec's Armour Shop.
  1683 | D:3      | Reached skill level 1 in Conjurations
  1683 | D:3      | Reached skill level 1 in Hexes
  1683 | D:3      | Reached skill level 1 in Summonings
  1683 | D:3      | Reached skill level 1 in Necromancy
  1683 | D:3      | Reached skill level 1 in Translocations
  1683 | D:3      | Reached skill level 1 in Transmutations
  1683 | D:3      | Reached skill level 1 in Fire Magic
  1683 | D:3      | Reached skill level 1 in Ice Magic
  1683 | D:3      | Reached skill level 1 in Air Magic
  1683 | D:3      | Reached skill level 1 in Earth Magic
  1683 | D:3      | Reached skill level 1 in Poison Magic
  1870 | D:3      | Reached XP level 5. HP: 31/47 MP: 5/7
  2016 | D:3      | Found Iwnob's General Store.
  2754 | D:4      | Reached XP level 6. HP: 42/53 MP: 5/8
  3158 | D:4      | Reached skill level 5 in Short Blades
  3424 | D:4      | Noticed Blork the orc
  3439 | D:4      | Killed Blork the orc
  3536 | D:4      | Reached ** piety under Okawaru
  3625 | D:4      | Reached XP level 7. HP: 48/59 MP: 10/10
  4150 | D:4      | Found a runed translucent door.
  4151 | D:4      | Noticed Nanban's ghost (amateur DsMo)
  4230 | D:4      | Killed Nanban's ghost
  4257 | D:4      | Found a runed translucent door.
  4437 | D:5      | Entered Level 5 of the Dungeon
  4561 | D:5      | Reached XP level 8. HP: 67/67 MP: 12/12
  5721 | D:5      | Found a sparkling altar of Nemelex Xobeh.
  5957 | D:6      | Noticed Pikel
  5993 | D:6      | Killed Pikel
  5993 | D:6      | Reached *** piety under Okawaru
  5994 | D:6      | Reached XP level 9. HP: 46/73 MP: 8/14
  6361 | D:6      | Engulfed by a steam dragon's steam

Illustrated notes

Levels and vault maps discovered:
D:1:      wander_arrival_chamber, layout_basic
D:2:      layout_basic, hellmonk_ecumenical_altar_run_dry
D:3:      minmay_skewed_foursquare, layout_basic, serial_shops,
          nicolae_shop_crystal, shop, shop, chequers_serial_rivers_small_3,
          minmay_randomly_rotated_circles
D:4:      layout_basic, ebering_ghost_sewer_f, minmay_lizard_king,
          uniq_blork_the_orc
D:5:      layout_loops_corners, nemelex_dance_club_becter
D:6:      layout_rooms, uniq_pikel

Skill      XL: |  1  2  3  4  5  6  7  8  9 |
---------------+----------------------------+-----
Invocations    | 1 2 3 4 |  4.4
Long Blades    | 1 2 3 4 |  4.0
Axes           | 1 2 3 4 |  4.0
Maces & Flails | 1 2 3 4 |  4.0
Polearms       | 1 2 3 4 |  4.0
Staves         | 1 2 3 4 |  4.0
Slings         | 1 2 3 4 |  4.0
Bows           | 1 2 3 4 |  4.0
Crossbows      | 1 2 3 4 |  4.0
Throwing       | 1 2 3 4 |  4.0
Dodging        | 1 2 3 4 |  4.0
Stealth        | 1 2 3 4 |  4.0
Unarmed Combat | 1 2 3 4 |  4.0
Spellcasting   | 1 2 3 4 |  4.0
Evocations     | 1 2 3 4 |  4.0
Conjurations   | 1 2 3 |  3.3
Hexes          | 1 2 3 |  3.3
Summonings     | 1 2 3 |  3.3
Necromancy     | 1 2 3 |  3.3
Translocations | 1 2 3 |  3.3
Transmutations | 1 2 3 |  3.3
Fire Magic     | 1 2 3 |  3.3
Ice Magic      | 1 2 3 |  3.3
Air Magic      | 1 2 3 |  3.3
Earth Magic    | 1 2 3 |  3.3
Poison Magic   | 1 2 3 |  3.3
Short Blades   | 5 6 |  6.2
Fighting       | 7 |  7.8
Armour         | 7 |  7.8
Shields        | 7 |  7.8

Action                   |  1- 3 |  4- 6 |  7- 9 || total
-------------------------+-------+-------+-------++-------
Melee: Rapier            |    92 |   227 |   416 ||   735
       Bite              |     4 |    21 |    41 ||    66
Throw: Dart              |       |       |     3 ||     3
Invok: Heroism           |       |     3 |     6 ||     9
  Use: Scroll            |       |       |     7 ||     7
       Potion            |       |       |     1 ||     1
Armor: Scale mail        |    50 |    87 |   161 ||   298
Dodge: Dodged            |    24 |    77 |   119 ||   220
Block: Kite shield       |    41 |   106 |   203 ||   350
